 Dungeon Crawl Stone Soup version 0.17.0 (webtiles) character file.

20070 imganon the Severer (level 12, -5/121 HPs)
             Began as a Demonspawn Berserker on Nov 6, 2015.
             Was a High Priest of Trog.
             Slain by a death yak (21 damage)
             ... on level 3 of the Lair of Beasts.
             The game lasted 00:38:41 (11042 turns).

imganon the Severer (Demonspawn Berserker)         Turns: 11042, Time: 00:38:41

Health: -5/121     AC: 17    Str: 33    XL:     12   Next: 42%
Magic:  13/13      EV:  8    Int:  8    God:    Trog [*****.]
Gold:   913        SH:  0    Dex: 13    Spells: 0 memorised, 11 levels left

rFire  . . .     SeeInvis .     S - +0 battleaxe
rCold  . . .     Clarity  .     N - +1 plate armour
rNeg   + . .     SustAt   .     (shield currently unavailable)
rPois  +         Gourm    .     (helmet restricted)
rElec  .         Spirit   .     Y - +0 cloak
rCorr  .         Warding  +     U - +0 pair of gloves
rMut   .         Stasis   .     (no boots)
MR     .....                    j - amulet of warding
Stlth  ..........               O - +5 ring of strength
                                B - +3 ring of slaying

@: berserking, very quick, not resistant to hostile enchantments, extremely
unstealthy
A: antennae 1, claws 1, fangs 1, slimy green scales 3, powered by death 2, spiny
2, evolution 1, subdued magic 1
a: Berserk, Trog's Hand, Brothers in Arms, Burn Spellbooks, Renounce Religion


You were on level 3 of the Lair of Beasts.
You worshipped Trog.
Trog was extremely pleased with you.
You were not hungry.

You visited 2 branches of the dungeon, and saw 13 of its levels.

You collected 978 gold pieces.
You spent 65 gold pieces at shops.

Inventory:

Hand Weapons
 G - a +2 antimagic war axe
 S - a +0 battleaxe (weapon)
Armour
 N - a +1 plate armour (worn)
 U - a +0 pair of gloves (worn)
 Y - a +0 cloak (worn)
Jewellery
 j - an amulet of warding (around neck)
 m - an uncursed ring of protection from cold
 r - an uncursed ring of protection from cold
 t - an uncursed ring of protection from fire
 B - a +3 ring of slaying (left hand)
 F - an uncursed ring of see invisible
 O - a +5 ring of strength (right hand)
 X - an uncursed amulet of clarity
Wands
 a - a wand of random effects (30)
 v - a wand of fire (12)
 w - a wand of fireball (4)
 y - a wand of digging (6)
 J - a wand of fireball (7)
 Q - a wand of digging (16)
Scrolls
 b - 3 scrolls of enchant weapon
 d - a scroll of summoning {unknown}
 e - 4 scrolls of remove curse
 f - a scroll of recharging
 g - 3 scrolls of teleportation
 l - 2 scrolls of magic mapping
 n - 2 scrolls of enchant armour
 o - 3 scrolls of fear
 D - 2 scrolls of blinking
Potions
 h - a potion of agility
 i - a potion of magic
 k - 2 potions of cancellation
 p - 6 potions of curing
 C - a potion of flight
 E - a potion of haste
 T - a potion of invisibility
 Z - a potion of berserk rage
Comestibles
 c - 8 bread rations
 s - 7 meat rations
 R - 6 beef jerkies


   Skills:
 - Level 3.0 Fighting
 + Level 17.0 Axes
 - Level 1.7 Armour
 - Level 1.7 Dodging
 + Level 5.9 Stealth
 + Level 2.6 Evocations


You had 11 spell levels left.
You didn't know any spells.

Dungeon Overview and Level Annotations

Branches:
Dungeon (10/15)            Temple (0/1) D:7            Lair (3/8) D:9
    Orc (0/4) D:9
  Swamp: Lair:3-6    Shoals: Lair:3-6     Snake: Lair:3-6    Spider: Lair:3-6

Altars:
Ashenzari
Cheibriados
Dithmenos
Fedhas
Gozag
Makhleb
Qazlal
Ru
Trog
Yredelemnul
Zin
The Shining One
Beogh

Shops:
D:4 !


Innate Abilities, Weirdness & Mutations

You have a pair of small antennae on your head.
You are completely covered in slimy green scales (AC +4, rPois).
You regenerate health from kills.
You are mostly covered in sharp spines.
You have sharp fingernails.
You have very sharp teeth.
You evolve.
Your spells are a little easier to cast, but a little less powerful.


Message History

The death yak bellows!
The death yak is struck by your spines. The death yak barely misses you.
Things that are here:
a death yak corpse x2
Your plate armour prevents you from hitting the death yak.
The death yak is lightly wounded.
You slice the death yak!! You bite the death yak.
The death yak is heavily wounded.
The death yak gores you!
* * * LOW HITPOINT WARNING * * *
You slice the death yak!!
The death yak is severely wounded.
The death yak gores you!
* * * LOW HITPOINT WARNING * * *
Your plate armour prevents you from hitting the death yak.
The death yak is severely wounded.
You hit the death yak.
The death yak is almost dead.
The death yak gores you!!
You die...

.#.[..#...........
.......Y#........P
....#...Y....##.#
....#....#P.P#
##.....#.#.Y.#
#........YY##
#..........Y#
######........{#Y#
...............#@#
........####...#(###
........# ##......#
........## ####...#
.......#.# #.....#
...##...## #....##
....P....## ##...#
.P.....P..# ###..#
..#.†.....# ##.P.##


You could see 3 death yaks and 2 yaks.

Vanquished Creatures
  Harold (Lair:1)
  3 death yaks
  Pikel (D:6)
  A hill giant (D:10)
  2 cyclopes (D:10)
  2 black mambas (Lair:1)
  Joseph (D:7)
  A kobold demonologist (D:10)
  4 spiny frogs
  A komodo dragon (Lair:2)
  A troll (D:9)
  A fire drake (Lair:3)
  Prince Ribbit (Lair:1)
  10 blink frogs
  A wraith (D:10)
  A basilisk (Lair:2)
  18 yaks
  3 hippogriffs
  2 hungry ghosts
  6 wolves (Lair:1)
  Menkaure (D:5)
  A water moccasin (Lair:2)
  6 orc warriors
  2 ice beasts
  4 sky beasts
  2 phantoms
  4 porcupines
  3 ogres
  3 black bears
  13 big kobolds
  5 crocodiles
  8 giant frogs
  A centaur (D:7)
  A water moccasin zombie (D:6)
  4 wights (D:7)
  3 scorpions
  A killer bee (D:6)
  3 jellies
  A crimson imp (D:8)
  5 iguanas
  A quasit (D:10)
  3 giant frog skeletons
  10 orc wizards
  9 orc priests
  3 centaur skeletons
  4 hounds
  Natasha (thrice) (D:3)
  8 worker ants
  A hell rat (D:9)
  A hound skeleton (D:3)
  A worker ant zombie (D:10)
  9 adders
  11 gnolls
  2 shadow imps
  2 oozes
  An adder zombie (D:5)
  2 adder skeletons
  3 worms
  4 giant geckos
  68 orcs
  7 giant cockroaches
  3 hobgoblins
  22 kobolds
  4 quokkas
  7 bats
  A giant newt (D:3)
  4 goblins
  4 jackals (D:8)
  A jackal zombie (D:5)
  A quokka skeleton (D:5)
  10 rats
  2 fungi (Lair:3)
344 creatures vanquished.

Vanquished Creatures (others)
  A plant (Lair:3)
1 creature vanquished.

Grand Total: 345 creatures vanquished

Notes
Turn   | Place    | Note
--------------------------------------------------------------
     0 | D:1      | imganon the Demonspawn Berserker began the quest for the Orb.
     0 | D:1      | Reached XP level 1. HP: 18/18 MP: 1/1
   475 | D:1      | Gained mutation: You regenerate a little health from kills. [demonic ancestry]
   475 | D:1      | Reached XP level 2. HP: 24/24 MP: 2/2
   842 | D:2      | Gained mutation: You are partially covered in sharp spines. [demonic ancestry]
   842 | D:2      | Reached XP level 3. HP: 25/29 MP: 3/3
  1103 | D:2      | Reached skill level 4 in Axes
  1129 | D:2      | Reached ** piety under Trog
  1634 | D:3      | Reached XP level 4. HP: 35/35 MP: 4/4
  1646 | D:3      | Reached skill level 1 in Stealth
  1692 | D:3      | Noticed Natasha
  1698 | D:3      | Killed Natasha
  1711 | D:3      | Noticed Natasha
  1717 | D:3      | Killed Natasha
  1717 | D:3      | Reached skill level 5 in Axes
  1724 | D:3      | Reached XP level 5. HP: 41/41 MP: 5/5
  1732 | D:3      | Noticed Natasha
  1738 | D:3      | Killed Natasha
  1777 | D:3      | Found a blossoming altar of Fedhas.
  1911 | D:3      | Found a stormy altar of Qazlal.
  2156 | D:4      | Reached *** piety under Trog
  2188 | D:4      | Found Gank's Distillery.
  2209 | D:4      | Bought a potion of curing for 39 gold pieces
  2209 | D:4      | Bought a potion of degeneration for 13 gold pieces
  2209 | D:4      | Bought a potion of degeneration for 13 gold pieces
  2242 | D:4      | Found a shattered altar of Ashenzari.
  2322 | D:4      | Gained mutation: You are partially covered in slimy green scales (AC +2). [demonic ancestry]
  2322 | D:4      | Reached XP level 6. HP: 42/47 MP: 6/6
  2562 | D:5      | Entered Level 5 of the Dungeon
  2600 | D:5      | Reached skill level 6 in Axes
  2600 | D:5      | Reached skill level 1 in Evocations
  2606 | D:5      | Gained mutation: Your spells are a little easier to cast, but a little less powerful. [mutagenic meat]
  2607 | D:5      | Gained mutation: You can spit weak poison. [mutagenic meat]
  2608 | D:5      | Gained mutation: You have sharp fingernails. [mutagenic meat]
  2609 | D:5      | Gained mutation: Scrolls take you a little longer to read. [mutagenic meat]
  2683 | D:5      | Gained mutation: You have a pair of small horns on your head. [mutagenic meat]
  2684 | D:5      | Gained mutation: You have very sharp teeth. [mutagenic meat]
  2686 | D:5      | Gained mutation: Your spells are easier to cast, but less powerful. [mutagenic meat]
  2687 | D:5      | Lost mutation: Scrolls take you a little longer to read. [mutagenic meat]
  2787 | D:5      | Noticed Menkaure
  2808 | D:5      | Killed Menkaure
  2808 | D:5      | Gained mutation: You are mostly covered in slimy green scales (AC +3). [demonic ancestry]
  2808 | D:5      | Reached XP level 7. HP: 52/52 MP: 6/8
  2844 | D:5      | Reached skill level 7 in Axes
  3245 | D:5      | Found a shadowy altar of Dithmenos.
  3460 | D:6      | Reached skill level 8 in Axes
  3463 | D:6      | Lost mutation: You have a pair of small horns on your head. [demonic ancestry]
  3463 | D:6      | Gained mutation: You have a pair of small antennae on your head. [demonic ancestry]
  3463 | D:6      | Reached XP level 8. HP: 45/58 MP: 9/9
  3697 | D:6      | Noticed Pikel
  3714 | D:6      | Killed Pikel
  3714 | D:6      | Reached skill level 9 in Axes
  3797 | D:6      | Reached **** piety under Trog
  4368 | D:6      | Found a glowing silver altar of Zin.
  4369 | D:6      | Found an opulent altar of Gozag.
  4440 | D:6      | Found a bloodstained altar of Trog.
  4597 | D:7      | Gained mutation: You regenerate health from kills. [demonic ancestry]
  4597 | D:7      | Reached XP level 9. HP: 63/63 MP: 10/10
  4683 | D:7      | Reached skill level 10 in Axes
  4838 | D:7      | Reached ***** piety under Trog
  4896 | D:7      | Reached skill level 5 in Stealth
  5220 | D:7      | Noticed Joseph
  5229 | D:7      | Killed Joseph
  5229 | D:7      | Reached skill level 11 in Axes
  5483 | D:7      | Found a sacrificial altar of Ru.
  5741 | D:7      | Found a staircase to the Ecumenical Temple.
  5834 | D:7      | Found a glowing golden altar of the Shining One.
  6088 | D:8      | Gained mutation: You are completely covered in slimy green scales (AC +4, rPois). [demonic ancestry]
  6088 | D:8      | Reached XP level 10. HP: 70/70 MP: 11/11
  6094 | D:8      | Received a gift from Trog
  6343 | D:8      | Reached skill level 12 in Axes
  6923 | D:9      | Found a basalt altar of Yredelemnul.
  6928 | D:9      | Found a snail-covered altar of Cheibriados.
  6929 | D:9      | Found a burning altar of Makhleb.
  6992 | D:9      | Found a staircase to the Lair.
  7284 | D:9      | Reached skill level 13 in Axes
  7545 | D:9      | Found a roughly hewn altar of Beogh.
  7545 | D:9      | Found a staircase to the Orcish Mines.
  7700 | D:10     | Entered Level 10 of the Dungeon
  7887 | D:10     | Noticed a cyclops
  8035 | D:10     | Noticed a cyclops
  8040 | D:10     | Killed a cyclops
  8063 | D:10     | Noticed a soul eater
  8063 | D:10     | Reached skill level 14 in Axes
  8063 | D:10     | Gained mutation: You are mostly covered in sharp spines. [demonic ancestry]
  8063 | D:10     | Reached XP level 11. HP: 75/75 MP: 12/12
  8083 | D:10     | Killed a cyclops
  8363 | D:10     | Noticed a hill giant
  8391 | D:10     | Killed a hill giant
  8537 | Lair:1   | Entered Level 1 of the Lair of Beasts
  8832 | Lair:1   | Noticed Prince Ribbit
  8844 | Lair:1   | Killed Prince Ribbit
  8878 | Lair:1   | Reached ****** piety under Trog
  8968 | Lair:1   | Received a gift from Trog
  8985 | Lair:1   | Noticed Harold
  8990 | Lair:1   | Reached skill level 15 in Axes
  9006 | Lair:1   | Killed Harold
 10019 | Lair:2   | Reached skill level 16 in Axes
 10026 | Lair:2   | Reached XP level 12. HP: 61/81 MP: 13/13
 10456 | Lair:2   | Gained mutation: You evolve. [potion of mutation]
 10456 | Lair:2   | Lost mutation: You can spit weak poison. [potion of mutation]
 10456 | Lair:2   | Lost mutation: Your spells are easier to cast, but less powerful. [potion of mutation]
 11036 | Lair:3   | Reached skill level 17 in Axes
 11042 | Lair:3   | Slain by a death yak

Action                   |  1- 3 |  4- 6 |  7- 9 | 10-12 || total
-------------------------+-------+-------+-------+-------++-------
Melee: Hand axe          |   106 |   106 |   165 |       ||   377
       Battleaxe         |       |       |    73 |   395 ||   468
       Broad axe         |       |       |    27 |       ||    27
Invok: Berserk           |     1 |     1 |     6 |     5 ||    13
       Burn Spellbooks   |       |       |     1 |     3 ||     4
Evoke: Wand              |       |     3 |       |       ||     3
  Use: Scroll            |       |       |     3 |    23 ||    26
       Potion            |       |       |       |     7 ||     7
 Stab: Sleeping          |     3 |       |       |       ||     3
  Eat: Chunk             |     3 |    12 |     8 |     9 ||    32
       Fruit             |       |     1 |     1 |     3 ||     5
       Pizza             |       |     1 |     1 |     1 ||     3
       Beef jerky        |       |       |     1 |       ||     1
       Bread ration      |       |       |     1 |     3 ||     4
       Royal jelly       |       |       |       |     1 ||     1
